 Dungeon Crawl Stone Soup version 0.25-a0-700-g7f8a797 (webtiles) character file.

Game seed: 6762248727572676853, levelgen mode: deterministic

105 robertstho the Shooter (level 4, 0/37 HPs)
             Began as a Centaur Arcane Marksman on Apr 2, 2020.
             Was an Initiate of Okawaru.
             Succumbed to a worker ant's poison
             ... on level 2 of the Dungeon.
             The game lasted 00:06:06 (2204 turns).

robertstho the Shooter (Centaur Arcane Marksman)    Turns: 2204, Time: 00:06:06

Health: 0/37       AC:  4    Str: 12    XL:     4   Next: 54%
Magic:  4/5        EV: 10    Int: 12    God:    Okawaru [......]
Gold:   112        SH:  0    Dex: 11    Spells: 2/5 levels left

rFire    + . .     SeeInvis .   a - +0 shortbow
rCold    + + +     Gourm    .   (shield currently unavailable)
rNeg     . . .     Faith    .   e - +0 robe
rPois    +         Spirit   .   (no helmet)
rElec    +         Reflect  .   (no cloak)
rCorr    +         Harm     .   (no gloves)
MR       .....                  (no barding)
Stlth    +.........             (no amulet)
HPRegen  0.12/turn              c - ring of protection from cold
MPRegen  0.09/turn              x - ring of wizardry

@: lethally poisoned (0 -> -11), resistant, stab, very quick
A: large, hooves 3, cold resistance 1, deformed body, deterioration 1, speed 2,
tough skin 3, evolution 1
a: Renounce Religion


You were on level 2 of the Dungeon.
You worshipped Okawaru.
Okawaru was noncommittal.
You were hungry.

You visited 1 branch of the dungeon, and saw 3 of its levels.

You collected 112 gold pieces.

Inventory:

Hand Weapons
 a - a +0 shortbow (weapon)
 h - a +0 trident
Missiles
 k - 22 arrows (quivered)
 u - 2 javelins
Armour
 b - a +0 leather armour
 e - a +0 robe (worn)
Jewellery
 c - a ring of protection from cold (left hand)
 t - an uncursed ring of flight
 w - an uncursed amulet of faith {unknown}
 x - a ring of wizardry (right hand)
Scrolls
 i - a scroll of teleportation {unknown}
 j - a scroll of blinking {unknown}
 m - 2 scrolls of remove curse {unknown}
 n - a scroll of identify {unknown}
 o - a scroll of noise {unknown}
 p - 2 scrolls of magic mapping {unknown}
 s - 3 scrolls of fear {unknown}
Potions
 g - 3 potions of resistance
 q - a potion of heal wounds {unknown}
 r - 2 potions of curing {unknown}
Comestibles
 f - 7 rations


   Skills:
 * Level 2.6 Fighting
 + Level 4.6 Bows
 + Level 0.3 Throwing
 + Level 1.5 Dodging
 + Level 1.1 Spellcasting
 + Level 3.0 Hexes


You had 2 spell levels left.
You knew the following spells:

 Your Spells              Type           Power        Failure   Level  Hunger
a - Corona                Hex            #......      3%          1    ##.....
b - Slow                  Hex            #.......     5%          2    ###....

Your spell library contained the following spells:

 Spells                   Type           Power        Failure   Level  Hunger
 Inner Flame              Hex/Fire       #.......     19%         3    ####...
 Portal Projectile        Hex/Tloc       #.....       19%         3    ####...
 Cause Fear               Hex            #.........   32%         4    #####..
 Leda's Liquefaction      Hex/Erth       #.........   52%         4    #####..


Dungeon Overview and Level Annotations

Branches:
Dungeon (3/15)

Altars:
Cheibriados
Okawaru
Trog


Innate Abilities, Weirdness & Mutations

You have hooves in place of feet.
Armour fits poorly on your strangely shaped body.
You cover ground very quickly.
You have extremely tough skin. (AC +3)
Your flesh is cold resistant. (rC+)
Your body sometimes deteriorates upon taking damage.
You evolve.


Message History

The arrow closely misses the worker ant.
* * * LOW HITPOINT WARNING * * *
You feel sick. The worker ant bites you.
* * * LOW HITPOINT WARNING * * *
You are more poisoned.
The worker ant poisons you!
It was a potion of resistance.
You feel protected.
* * * LOW HITPOINT WARNING * * *
You feel sick. The worker ant misses you.
It was a potion of stabbing.
You feel ready to backstab.
* * * LOW HITPOINT WARNING * * *
You feel sick.
The worker ant bites you but does no damage.
The worker ant barely misses you.
It was a potion of mutation.
You feel extremely strange.
You feel nature experimenting on you.
Don't worry, failures die fast.
You feel yourself wasting away.
You feel resistant to cold.
You die...

...#..#.###..###.##.......<# #.##
##.#.........# #(##....#.### #...
#.###.####.####.##....#(########
####≈#'#≈##.#.##..#....#.##......
#.##_..._##.#..#..#....#.##.#####
'..#######..#..#..........#.#####
#....# #..#..#.#.....#..#'##...
#....# #.....#a#.........).#.##
####.# ##.#.##@#..###..#...#.#
#.######.#.##.##.###..#...'.#
#......#.#....##..##..#...####
######............##..#.......
####.#######...#..#....... ##
#....# #.#.#..#....... .#
#.##########'#....####.... .# #.#
#........)..#.# #.... .#######.#
#...._........# #....


You could see a worker ant.

Vanquished Creatures
  2 adders (D:2)
  2 oozes (D:1)
  2 worms (D:2)
  4 dart slugs
  A leopard gecko (D:2)
  An orc (D:3)
  11 bats
  6 giant cockroaches
  4 hobgoblins
  3 jackals (D:2)
  6 kobolds
  2 ball pythons
  4 frilled lizards
  9 goblins
  4 rats
61 creatures vanquished.

Notes
Turn   | Place    | Note
-------+----------+-------------------------------------------
     0 | D:1      | robertstho the Centaur Arcane Marksman began the quest for
                  | the Orb.
     0 | D:1      | Reached XP level 1. HP: 16/16 MP: 2/2
   145 | D:1      | Reached XP level 2. HP: 16/23 MP: 3/3
   155 | D:1      | Reached skill level 3 in Bows
   284 | D:1      | Reached XP level 3. HP: 27/29 MP: 4/4
  1106 | D:2      | Reached skill level 4 in Bows
  1156 | D:2      | Reached XP level 4. HP: 10/36 MP: 5/5
  1614 | D:2      | Found a snail-covered altar of Cheibriados.
  1899 | D:2      | Found an iron altar of Okawaru.
  1899 | D:2      | Found a bloodstained altar of Trog.
  1902 | D:2      | Became a worshipper of Warmaster Okawaru
  2154 | D:3      | Learned a level 2 spell: Slow
  2203 | D:2      | HP: 1/37 [poisoned by a worker ant]
  2204 | D:2      | Gained mutation: You evolve. [potion of mutation]
  2204 | D:2      | Gained mutation: Your body sometimes deteriorates upon
                  | taking damage. [potion of mutation]
  2204 | D:2      | Gained mutation: Your flesh is cold resistant. (rC+)
                  | [potion of mutation]
  2204 | D:2      | Succumbed to a worker ant's poison

Levels and vault maps discovered:
D:1:      minmay_arrival_doors, layout_loops_cross
D:2:      layout_basic, gammafunk_temple_overflow_elements, cheibriados_altar_1,
          first_ration
D:3:      layout_rooms, serial_bayou, serial_bayou_shore_b,
          serial_bayou_lagoon_a, serial_bayou_pond_b, serial_bayou_shore_a

Skill      XL: |  1  2  3 |
---------------+----------+-----
Hexes          | 3 |  3.0
Bows           | 3 4 |  4.6
Fighting       | 2 |  2.6
Throwing       | |  0.3
Dodging        | |  1.5
Spellcasting   | |  1.1

Action                   |  1- 3 |  4- 6 || total
-------------------------+-------+-------++-------
Melee: Unarmed           |     7 |     7 ||    14
       Spear             |       |    14 ||    14
       Kick              |       |     8 ||     8
 Fire: Shortbow          |   111 |    63 ||   174
Throw: Javelin           |    14 |     2 ||    16
 Cast: Corona            |       |     1 ||     1
  Use: Potion            |       |     3 ||     3
  Eat: Chunk             |       |     2 ||     2
Armor: Robe              |    36 |    29 ||    65
Dodge: Dodged            |    39 |    35 ||    74

Table legend:
 A = Non-vault XP
 B = Vault XP
 C = Vault XP percentage of total XP
 D = Non-vault monster count
 E = Vault monster count
 F = Vault count percentage of total count
                 A         B        C        D         E       F
            +---------+---------+-------+---------+---------+-------
      Total |     151 |       0 |   0.0 |      61 |       0 |   0.0
            +---------+---------+-------+---------+---------+-------
        D:1 |      54 |       0 |   0.0 |      25 |       0 |   0.0
        D:2 |      86 |       0 |   0.0 |      30 |       0 |   0.0
        D:3 |      11 |       0 |   0.0 |       6 |       0 |   0.0
            +---------+---------+-------+---------+---------+-------
